 Dungeon Crawl Stone Soup version 0.20.1-1-g8b1a95d (webtiles) character file.

55 ConstantReader the Skirmisher (level 3, -1/61 HPs)
             Began as an Ogre Berserker on Aug 3, 2017.
             Was a Believer of Trog.
             Slain by an orc
             ... wielding a +0 war axe
              (2 damage)
             ... on level 3 of the Dungeon.
             The game lasted 00:12:55 (1637 turns).

ConstantReader the Skirmisher (Ogre Berserker)      Turns: 1637, Time: 00:12:55

Health: -1/61      AC:  3    Str: 26    XL:     3   Next: 93%
Magic:  3/3        EV: 10    Int:  8    God:    Trog [**....]
Gold:   115        SH:  0    Dex:  9    Spells: 2/2 levels left

rFire    . . .     SeeInvis .   a - +0 mace
rCold    . . .     Gourm    .   (no shield)
rNeg     . . .     Faith    .   k - +0 robe
rPois    .         Spirit   .   (helmet restricted)
rElec    .         Reflect  .   (no cloak)
rCorr    .         Harm     .   (gloves unavailable)
MR       .....                  (boots unavailable)
Stlth    ..........             (no amulet)
Regen    0.2/turn               (no ring)
MPRegen  0.1/turn               (no ring)

@: berserking, very quick
A: unfitting armour, tough skin 1
a: Berserk, Trog's Hand, Burn Spellbooks, Renounce Religion


You were on level 3 of the Dungeon.
You worshipped Trog.
Trog was pleased with you.
You were not hungry.

You visited 1 branch of the dungeon, and saw 3 of its levels.

You collected 115 gold pieces.

Inventory:

Hand Weapons
 a - a +0 mace (weapon)
Missiles
 d - 34 stones (quivered)
 i - 8 tomahawks of dispersal
Armour
 k - a +0 robe (worn)
Scrolls
 g - a scroll of immolation
Potions
 f - a potion of haste {unknown}
 h - a potion of magic {unknown}
 j - a potion of ambrosia {unknown}
Comestibles
 c - 3 bread rations


   Skills:
 + Level 4.9 Fighting
 + Level 3.1 Maces & Flails
 + Level 1.0 Throwing
 + Level 3.1 Dodging


You had 2 spell levels left.
You didn't know any spells.

Dungeon Overview and Level Annotations

Branches:
Dungeon (3/15)

Altars:
Ashenzari
Gozag
Okawaru
Uskayaw
Vehumet


Innate Abilities, Weirdness & Mutations

You are too large for most types of armour.
You have tough skin. (AC +1)


Message History

* * * LOW HITPOINT WARNING * * *
The orc hits you.
* * * LOW HITPOINT WARNING * * *
You feel better. The orc hits you with a war axe.
* * * LOW HITPOINT WARNING * * *
The hobgoblin hits you.
* * * LOW HITPOINT WARNING * * *
Something hits you.
* * * LOW HITPOINT WARNING * * *
The orc barely misses you.
A red film seems to cover your vision as you go berserk!
You feel yourself moving faster!
You feel mighty!
You feel a lot more hungry. The hobgoblin hits you.
* * * LOW HITPOINT WARNING * * *
The orc closely misses you. Something hits you.
* * * LOW HITPOINT WARNING * * *
The orc barely misses you.
You sock something! The hobgoblin closely misses you.
The orc hits you with a war axe.
You die...

)# .. >....#. ## ...
...... .# #.# #.##.. .#
#.# #....## ##.# # #.#
#.##..## ##o.##.###
#.###.##.#.###.og......
##..)........#.#@.o.....
....##..........#o##.###
....#####.#....##.##
###)# #.#.......... #†#
#...........[
#.########.####.###
#.<......#.# .#
#.######.#.# .# #.# #.#


You could see an orc priest, 3 orcs and a hobgoblin.

Vanquished Creatures
  An adder (D:2)
  An ooze (D:3)
  2 dart slugs (D:1)
  An orc (D:3)
  6 bats
  3 giant cockroaches
  5 goblins
  3 hobgoblins (D:2)
  3 kobolds
  2 ball pythons
  2 frilled lizards
  6 rats
35 creatures vanquished.

Notes
Turn   | Place    | Note
-------+----------+-------------------------------------------
     0 | D:1      | ConstantReader the Ogre Berserker began the quest for the Orb.
     0 | D:1      | Reached XP level 1. HP: 24/24 MP: 1/1
   141 | D:1      | Reached XP level 2. HP: 23/33 MP: 2/2
   377 | D:1      | You fall through a shaft!
   691 | D:1      | Reached XP level 3. HP: 40/40 MP: 3/3
   945 | D:2      | Found a shattered altar of Ashenzari.
   945 | D:2      | Found a hide-covered altar of Uskayaw.
   946 | D:2      | Found an opulent altar of Gozag.
   946 | D:2      | Found an iron altar of Okawaru.
  1133 | D:2      | Reached ** piety under Trog
  1264 | D:2      | Found a radiant altar of Vehumet.
  1593 | D:3      | Reached skill level 1 in Throwing
  1636 | D:3      | HP: 2/61 [hobgoblin (5)]
  1637 | D:3      | Slain by an orc

Skill      XL: |  1  2  3 |
---------------+----------+-----
Dodging        | 3 |  3.1
Maces & Flails | 3 |  3.1
Throwing       | 1 |  1.0
Fighting       | |  4.9

Action                   || total
-------------------------++-------
Melee: Mace              ||   135
Throw: Stone             ||    47
Invok: Berserk           ||     1
  Use: Scroll            ||     5
       Potion            ||     1
 Stab: Sleeping          ||     1
  Eat: Bread ration      ||     1
Armor: Animal skin       ||    25
       Robe              ||    20
Dodge: Dodged            ||    94
